AoeStats
← Jonaayy

African Clearing

510466095Analyzed
4v4 RM · 1d ago on Oct 1, 2026· 41m 28s· 8 players
Game mode
Random Map
Map size
Large (8 player)
Population
200
Speed
Normal
Resources
Standard
Victory
Conquest
Starting age
Dark Age
Ending age
Imperial Age
RankedLock teamsTeams togetherTeam positionsShared explorationLock speedFull tech treeHidden civsTurbo modeCheats
Victory
Defeat
🇺🇾 Hindustanis · Uruguay
854
+14
🇺🇸 Danes · United States
814
+16
🇺🇸 Armenians · United States
751
+19
🇨🇳 Japanese · China
702
+21
🇺🇸 Koreans · United States
1000
-88
🇺🇸 Slavs · United States
769
-40
🇺🇸 Burgundians · United States
742
-36
🇺🇸 Franks · United States
742
-36
Nick_The_Great16
16:46 Feudal Age
17:27 Double-Bit Axe
17:25 Horse Collar
18:26 Wheelbarrow
22:45 Castle Age
21:23 Gold Mining
21:05 Man-at-Arms
24:20 Gambesons
24:37 Squires
24:23 Arson
26:47 Gold Shaft Mining
26:35 Bow Saw
29:09 Forging
28:59 Scale Mail Armor
31:28 Iron Casting
31:08 Chain Mail Armor
31:21 Stone Mining
36:19 Imperial Age
33:28 Hamask
37:00 Stone Shaft Mining
37:43 Conscription
37:58 Northmen's Fury
39:37 Elite Jomsviking
41:09 Elite Varangian Guard
Zukomazi
7:11 Loom
16:44 Feudal Age
18:15 Double-Bit Axe
18:59 Fishing Lines
19:57 Gold Mining
20:01 Horse Collar
22:05 Wheelbarrow
22:01 Town Watch
23:54 Stone Mining
27:07 Castle Age
28:17 Bow Saw
28:46 Gold Shaft Mining
28:14 Heavy Plow
28:07 Gillnets
29:00 Hand Cart
28:37 Fletching
28:48 Padded Archer Armor
30:08 Bodkin Arrow
31:45 Leather Archer Armor
34:35 Caravan
39:53 Imperial Age
37:47 Ballistics
37:38 Masonry
JulioApo
4:18 Loom
13:50 Feudal Age
14:26 Double-Bit Axe
14:26 Horse Collar
23:40 Castle Age
22:01 Gold Mining
22:47 Bloodlines
24:10 Fletching
26:05 Wheelbarrow
27:51 Bodkin Arrow
36:02 Forging
36:33 Husbandry
38:11 Hand Cart
41:21 Iron Casting
疯踹瘸子好腿
7:18 Loom
16:50 Feudal Age
22:41 Castle Age
22:58 Double-Bit Axe
27:28 Thumb Ring
28:32 Padded Archer Armor
28:22 Fletching
29:02 Ballistics
32:48 Leather Archer Armor
34:11 Gold Mining
38:34 Bodkin Arrow
40:40 Caravan
ROMA
14:49 Feudal Age
16:08 Wheelbarrow
16:57 Double-Bit Axe
16:48 Man-at-Arms
20:34 Horse Collar
21:57 Forging
24:32 Padded Archer Armor
28:29 Castle Age
27:03 Gold Mining
27:04 Stone Mining
27:08 Fletching
27:20 Scale Mail Armor
27:26 Scale Barding Armor
28:54 Bloodlines
29:59 Husbandry
30:24 Hand Cart
33:06 Gold Shaft Mining
djroma
17:38 Feudal Age
21:48 Wheelbarrow
24:14 Castle Age
23:52 Double-Bit Axe
25:37 Husbandry
33:49 Hand Cart
33:52 Gold Mining
34:26 Caravan
Jonaayy
7:56 Double-Bit Axe
16:22 Feudal Age
20:54 Horse Collar
21:28 Bow Saw
21:12 Gold Mining
22:25 Arson
24:06 Wheelbarrow
23:38 Heavy Plow
31:30 Castle Age
34:27 Hand Cart
36:34 Gold Shaft Mining
Sikkassfoo9
20:34 Feudal Age
22:23 Wheelbarrow
21:37 Man-at-Arms
27:20 Double-Bit Axe
27:27 Horse Collar
33:28 Forging
33:21 Scale Mail Armor
33:30 Scale Barding Armor
33:20 Fletching
37:34 Town Watch
37:50 Loom
40:11 Castle Age
39:32 Arson
Connection lost

Rejoining the realm…

Still unreachable

The connection could not be restored.

Session expired

The server has moved on; the page needs a fresh start.